 Dungeon Crawl Stone Soup version 0.28.0-53-g5a82cb258f (webtiles) character file.

Game seed: 8314181195053134974

110 bnorton916 the Magician (level 4, -2/24 HPs)
             Began as a Deep Elf Fire Elementalist on June 8, 2022.
             Slain by a gnoll
             ... wielding a +0 flail
              (5 damage)
             ... on level 2 of the Dungeon.
             The game lasted 00:03:22 (3187 turns).

bnorton916 the Magician (DEFE)                      Turns: 3187, Time: 00:03:23

Health: -2/24      AC:  5    Str:  5    XL:     4   Next: 61%
Magic:  12/12      EV: 12    Int: 22    God:
Gold:   112        SH:  0    Dex: 15    Spells: 11/12 levels left

rFire   . . .      SeeInvis .   (no weapon)
rCold   . . .      Faith    .   (no shield)
rNeg    . . .      Spirit   .   a - +0 robe
rPois   .          Reflect  .   r - +0 helmet
rElec   .          Harm     .   h - +0 cloak
rCorr   .          Rampage  .   (no gloves)
Will    .....                   q - +0 pair of boots
Stlth   ++........              (no amulet)
HPRegen 0.08/turn               (no ring)
MPRegen 0.13/turn               (no ring)

@: no status effects
A: no striking features
a: no special abilities


You were on level 2 of the Dungeon.
You visited 1 branch of the dungeon, and saw 3 of its levels.

You collected 112 gold pieces.

Inventory:

Missiles
 b - 56 stones
 e - 4 javelins
 l - 3 poisoned darts
 o - 2 atropa-tipped darts
Armour
 a - a +0 robe (worn)
 h - a +0 cloak (worn)
 m - the +2 leather armour "Cerej" {Drain rElec Dex+3}
   (You found it on level 3 of the Dungeon)

   Dex:       It affects your dexterity (+3).
   rElec:     It insulates you from electricity.
   Drain:     It drains your maximum health when unequipped.
 q - a +0 pair of boots (worn)
 r - a +0 helmet (worn)
Jewellery
 j - a ring of willpower
Scrolls
 c - 3 scrolls of identify {unknown}
 i - 2 scrolls of fear {unknown}
 k - 4 scrolls of blinking {unknown}
 n - a scroll of summoning {unknown}
 p - a scroll of teleportation {unknown}
Potions
 d - 2 potions of curing {unknown}
 f - a potion of degeneration {unknown}
 g - 2 potions of might {unknown}


   Skills:
 + Level 0.1 Armour
 - Level 2.4 Dodging
 - Level 2.4 Stealth
 + Level 4.5 Spellcasting
 + Level 2.9 Conjurations
 + Level 4.3 Fire Magic


You had 11 spell levels left.
You knew the following spells:

 Your Spells              Type           Power      Damage    Failure   Level
a - Foxfire               Conj/Fire      84%        2x1d8     2%          1

Your spell library contained the following spells:

 Spells                   Type           Power      Damage    Failure   Level
 Scorch                   Fire           48%        2d7       2%          2
 Conjure Flame            Conj/Fire      21%        6-21      7%          3
 Inner Flame              Hex/Fire       14%        N/A       13%         3
 Flame Wave               Conj/Fire      21%        2d7       24%         4


Dungeon Overview and Level Annotations

Branches:
Dungeon (3/15)

Altars:
Fedhas

Shops:
D:1 :(!


Message History

Confirm with . or Enter, or press ? or * to list all spells.
You conjure some foxfire!
The foxfire hits the gnoll but does no damage.
The gnoll is heavily wounded.
The foxfire hits the gnoll.
The gnoll is heavily wounded.
The gnoll hits you but does no damage. The gnoll closely misses you.
Casting: Foxfire (safe; 2% risk of failure)
Confirm with . or Enter, or press ? or * to list all spells.
Okay, then.
The goblin shouts!
There is a stone staircase leading down here.
The goblin misses you. The goblin misses you.
The goblin hits you with a +0 club.
Casting: Foxfire (safe; 2% risk of failure)
Confirm with . or Enter, or press ? or * to list all spells.
You conjure some foxfire!
The goblin closely misses you.
The foxfire hits the goblin.
You kill the goblin!
The foxfire hits the gnoll.
The gnoll is lightly wounded.
Casting: Foxfire (safe; 2% risk of failure)
Confirm with . or Enter, or press ? or * to list all spells.
You conjure some foxfire!
The gnoll hits you but does no damage.
The foxfire hits the gnoll.
The gnoll is heavily wounded.
The foxfire hits the gnoll.
The gnoll is moderately wounded.
The gnoll hits you with a +0 flail!
The gnoll hits you from afar with a +0 spear!
* * * LOW HITPOINT WARNING * * *
There is a stone staircase leading up here.
The gnoll hits you with a +0 flail.
* * * LOW HITPOINT WARNING * * *
You climb upwards.
There is a stone staircase leading down here.
The gnoll hits you with a +0 flail.
You die...

###.#..# #..^##.....# #..# #..
#...#..## ##...##.....# #..# ###
#.#.#...# #..........## #..# #
..#.#.#.###....####..# #..# #
#.#.#.#..##......##..# #..#####
###.#.##.##....#.....# #.......
..#.#.##.##....####..# #.######
#.#.#.##.##..........# #.#
#.#...##........@##<.#####.##
..#..........#.#g###........#
#.#..........#.....#.#####.##
###.#.##..##.#.#####.# #.######
###.#.##...#.#.#####.# #.....##
.†..............##.#.# #.###.##
###)####.#...#..##.#.# #.###...
....####.##..#..##.#.# #...###.
....'....##..#..##.#.#####.#.###.


You could see a gnoll.

Vanquished Creatures
  Terence (D:2)
  A gnoll (D:1)
  2 adders (D:2)
  3 dart slugs
  4 ball pythons
  5 endoplasms
  3 giant cockroaches
  5 goblins
  7 hobgoblins
  A jackal (D:2)
  5 kobolds
  A quokka (D:3)
  3 bats (D:1)
  2 frilled lizards
  5 rats
48 creatures vanquished.

Vanquished Creatures (collateral kills)
  2 foxfires (D:1)
2 creatures vanquished.

Vanquished Creatures (others)
  224 foxfires
224 creatures vanquished.

Grand Total: 274 creatures vanquished

Notes
Turn   | Place    | Note
-------+----------+-------------------------------------------
     0 | D:1      | bnorton916 the Deep Elf Fire Elementalist began the quest
                  | for the Orb.
     0 | D:1      | Reached XP level 1. HP: 10/10 MP: 6/6
    39 | D:1      | Reached XP level 2. HP: 14/15 MP: 5/8
   223 | D:1      | Found Pommesm's Book Shoppe.
   549 | D:1      | Found Riletuf's Distillery.
   643 | D:1      | Found a faded altar of an unknown god.
   795 | D:1      | Reached XP level 3. HP: 19/19 MP: 8/10
   993 | D:1      | Found Jaixauq's Weapon Emporium.
  1768 | D:2      | Noticed Terence
  1778 | D:2      | Killed Terence
  1779 | D:2      | Reached XP level 4. HP: 24/24 MP: 7/12
  2096 | D:2      | Found a blossoming altar of Fedhas.
  2715 | D:3      | Identified the +2 leather armour "Cerej" {Drain rElec
                  | Dex+3}
  3187 | D:2      | Slain by a gnoll

Illustrated notes

Levels and vault maps discovered:
D:1:      zaba_arrival_water, layout_loops_ring, serial_shops,
          nicolae_shop_bloodbath_and_beyond, shop, shop_fountains,
          shapermc_ecumenical_altar_gd, chequers_serial_rivers_large_a,
          nicolae_grassy_gnolls
D:2:      minmay_angry_zag, layout_basic, basic_altar, uniq_terence
D:3:      layout_loops_cross, uniq_natasha

Skill      XL: |  1  2  3 |
---------------+----------+-----
Conjurations   | 2 |  2.9
Spellcasting   | 4 |  4.5
Fire Magic     | 4 |  4.3
Armour         | |  0.1
Dodging        | |  2.4
Stealth        | |  2.4

Action                   |  1- 3 |  4- 6 || total
-------------------------+-------+-------++-------
 Cast: Foxfire           |    68 |    68 ||   136
Armor: Robe              |     3 |     3 ||     6
Dodge: Dodged            |     7 |    14 ||    21
